 Dungeon Crawl Stone Soup version 0.21.1-1-g345015f (webtiles) character file.

35 stankywizzleteets the Skirmisher (level 3, 0/40 HPs)
             Began as an Ogre Berserker on June 16, 2018.
             Was a Believer of Trog.
             Slain by a bat (1 damage)
             ... on level 2 of the Dungeon.
             The game lasted 00:04:40 (1324 turns).

stankywizzleteets the Skirmisher (Ogre Berserker)   Turns: 1324, Time: 00:04:40

Health: 0/40       AC:  3    Str: 22    XL:     3   Next: 33%
Magic:  3/3        EV: 10    Int:  8    God:    Trog [**....]
Gold:   52         SH:  0    Dex:  8    Spells: 2/2 levels left

rFire    . . .     SeeInvis .   a - +0 mace
rCold    . . .     Gourm    .   (no shield)
rNeg     . . .     Faith    .   b - +0 animal skin
rPois    .         Spirit   .   (helmet restricted)
rElec    .         Reflect  .   (no cloak)
rCorr    .         Harm     .   (gloves unavailable)
MR       .....                  (boots unavailable)
Stlth    +.........             (no amulet)
HPRegen  0.13/turn              (no ring)
MPRegen  0.08/turn              (no ring)

@: no status effects
A: large, unfitting armour, tough skin 1
a: Berserk, Trog's Hand, Burn Spellbooks, Renounce Religion


You were on level 2 of the Dungeon.
You worshipped Trog.
Trog was pleased with you.
You were very hungry.

You visited 1 branch of the dungeon, and saw 2 of its levels.

You collected 52 gold pieces.

Inventory:

Hand Weapons
 a - a +0 mace (weapon)
Armour
 b - a +0 animal skin (worn)
Scrolls
 e - 2 scrolls of identify {unknown}
 f - a scroll of random uselessness {unknown}
 h - 2 scrolls of remove curse {unknown}
 j - a scroll of amnesia {unknown}
 k - a scroll of immolation {unknown}
Potions
 d - 2 potions of heal wounds {unknown}
 g - a potion of resistance {unknown}
 i - a potion of degeneration {unknown}
 l - 3 potions of curing {unknown}
 m - a potion of agility {unknown}
Comestibles
 c - 5 rations


   Skills:
 + Level 4.4 Fighting
 + Level 3.3 Maces & Flails
 + Level 3.1 Dodging


You had 2 spell levels left.
You didn't know any spells.

Dungeon Overview and Level Annotations

Branches:
Dungeon (2/15)

Altars:


Innate Abilities, Weirdness & Mutations

You are too large for most types of armour.
You have tough skin. (AC +1)


Message History

The bat hits you but does no damage. The bat hits you.
* * * LOW HITPOINT WARNING * * *
The bat closely misses you. The bat hits you.
* * * LOW HITPOINT WARNING * * *
The bat barely misses you. The bat hits you but does no damage.
The bat barely misses you. The bat hits you.
* * * LOW HITPOINT WARNING * * *
The bat hits you but does no damage. The bat closely misses you.
The bat closely misses you. The bat hits you but does no damage.
The bat hits you but does no damage. The bat closely misses you.
The bat hits you.
* * * LOW HITPOINT WARNING * * *
The bat hits you but does no damage. x2
The bat hits you.
You die...

#. #.#?# #.# #.###.#.#
#.# .#.....#.# #.#
...(...#.######.######
#........)...........
#....#).......#######
#........######
#.........#
#..###@..## .....
#b.## #### #..# #..#
#..# #... ##.## .. ##


You could see a bat.

Vanquished Creatures
  2 dart slugs (D:1)
  2 leopard geckos (D:2)
  4 bats (D:1)
  2 giant cockroaches (D:1)
  2 goblins (D:2)
  6 hobgoblins
  2 kobolds (D:1)
  3 frilled lizards
  4 rats
27 creatures vanquished.

Notes
Turn   | Place    | Note
-------+----------+-------------------------------------------
     0 | D:1      | stankywizzleteets the Ogre Berserker began the quest for the Orb.
     0 | D:1      | Reached XP level 1. HP: 24/24 MP: 1/1
   222 | D:1      | Reached XP level 2. HP: 4/32 MP: 2/2
   632 | D:1      | Reached XP level 3. HP: 36/40 MP: 3/3
   737 | D:2      | Reached ** piety under Trog
  1076 | D:2      | HP: 2/40 [bat (1)]
  1085 | D:2      | HP: 2/40 [bat (1)]
  1094 | D:2      | HP: 2/40 [bat (1)]
  1101 | D:2      | HP: 2/40 [bat (1)]
  1109 | D:2      | HP: 2/40 [bat (1)]
  1171 | D:2      | HP: 2/40 [bat (1)]
  1242 | D:2      | HP: 2/40 [bat (1)]
  1256 | D:2      | HP: 2/40 [bat (1)]
  1263 | D:2      | HP: 2/40 [bat (1)]
  1269 | D:2      | HP: 2/40 [bat (1)]
  1276 | D:2      | HP: 2/40 [bat (1)]
  1302 | D:2      | HP: 2/40 [bat (1)]
  1310 | D:2      | HP: 2/40 [bat (1)]
  1315 | D:2      | HP: 1/40 [bat (1)]
  1322 | D:2      | HP: 1/40 [bat (1)]
  1324 | D:2      | Slain by a bat

Skill      XL: |  1  2 |
---------------+-------+-----
Maces & Flails | 3 |  3.3
Dodging        | 3 |  3.1
Fighting       | |  4.4

Action                   || total
-------------------------++-------
Melee: Mace              ||    71
Armor: Animal skin       ||   329
Dodge: Dodged            ||   415
